 Dungeon Crawl Stone Soup version 0.13.0-5-g7e31f0a (webtiles) character file.

323 Deemzul the Insei (level 5, -6/35 HPs)
             Began as an Octopode Monk on Oct 14, 2013.
             Killed by divine providence
             ... invoked by an orc priest
              (13 damage)
             ... on Level 3 of the Dungeon.
             The game lasted 00:03:36 (2136 turns).

Deemzul the Insei (Octopode Monk)                   Turns: 2136, Time: 00:03:37

HP  -6/35        AC  1     Str 11      XL: 5   Next: 36%
MP   4/4         EV 13     Int 12      God:
Gold 169         SH  0     Dex 15      Spells:  0 memorised,  4 levels left

Res.Fire  : . . .   See Invis. : .     - Unarmed
Res.Cold  : . . .   Warding    : .   (no shield)
Life Prot.: . . .   Conserve   : .   (helmet restricted)
Res.Poison: .       Res.Corr.  : .   h - amulet of the gourmand
Res.Elec. : .       Clarity    : .   (no ring)
Sust.Abil.: . .     Spirit.Shd : .   (no ring)
Res.Mut.  : .       Stasis     : .   (no ring)
Res.Rott. : .       Flight     : .   (no ring)
Gourmand  : +                        (no ring)
                                     (no ring)
                                     (no ring)
                                     (no ring)

@: slightly resistant to hostile enchantments, very stealthy
A: almost no armour, amphibious, 8 rings, constrict 8, camouflage 1, AC +1
a: no special abilities


You were on level 3 of the Dungeon.
You were completely stuffed.

You visited 1 branch of the dungeon, and saw 3 of its levels.

You collected 169 gold pieces.

Inventory:

Comestibles
 b - 2 bread rations
 k - a meat ration
 l - a chunk of orc flesh
 m - 3 chunks of orc flesh
Scrolls
 c - 4 scrolls of identify {unknown}
 e - a scroll of enchant weapon II {unknown}
 f - 2 scrolls of enchant weapon I {unknown}
 g - a scroll of remove curse {unknown}
 i - a scroll of amnesia {unknown}
 j - a scroll of blinking {unknown}
 o - a scroll of fear {unknown}
Jewellery
 h - an amulet of the gourmand (around mantle)
Potions
 a - a potion of flight {unknown}
 d - 3 potions of restore abilities {unknown}
 n - a potion of heal wounds {unknown}


   Skills:
 - Level 3.0 Fighting
 - Level 3.0 Dodging
 + Level 5.0 Stealth
 * Level 5.7 Unarmed Combat


You had 4 spell levels left.
You didn't know any spells.

Dungeon Overview and Level Annotations

Branches:
Dungeon (3/27)

Altars:


Innate Abilities, Weirdness & Mutations

You cannot wear most types of armour.
You are amphibious.
You can wear up to eight rings at the same time.
You can use your tentacles to constrict many enemies at once.
Your skin changes colour to match your surroundings (Stlth).
Your rubbery body absorbs attacks (AC +1).


Message History

You feel a wave of unholy energy pass over you.
The orc priest hits you with an orcish short sword.
* * * LOW HITPOINT WARNING * * *
Unknown command.
You hit the orc priest but do no damage.
Your grab misses the orc priest. You squeeze the orc priest.
The orc priest is moderately wounded.
The orc wizard gestures wildly while chanting.
You feel troubled.
An orc priest comes into view.
Unknown command.
You closely miss the orc priest. You grab the orc priest.
You tentacle-slap the orc priest.
The orc priest is heavily wounded.
You constrict the orc priest.
The orc wizard casts a spell.
You feel troubled.
The orc priest calls down the wrath of Beogh upon you.
Something smites you!
You die...

##.## #### #.# #.# #.# ##
#.# .. #.# ##. #.#
####...########.#
......oo@.......#
.###..o########.#########
##o #........... #
#.########## #.# #.# #.#
#.### #...#####


You could see 2 orc priests and 2 orc wizards.

Vanquished Creatures
  An orc priest (D:3)
  5 adders
  A giant mite (D:2)
  A worm (D:3)
  2 giant geckos
  An ooze (D:1)
  5 orcs (D:3)
  3 giant cockroaches (D:1)
  6 goblins
  6 hobgoblins (D:1)
  10 kobolds
  A quokka (D:3)
  2 ball pythons (D:2)
  4 bats
  6 giant newts
  3 jackals (D:1)
  7 rats
64 creatures vanquished.

Notes
Turn   | Place    | Note
--------------------------------------------------------------
     0 | D:1      | Deemzul, the Octopode Monk, began the quest for the Orb.
     0 | D:1      | Reached XP level 1. HP: 14/14 MP: 0/0
   153 | D:1      | Reached XP level 2. HP: 6/19 MP: 1/1
   789 | D:1      | Reached XP level 3. HP: 15/25 MP: 2/2
  1193 | D:2      | Reached skill level 5 in Unarmed Combat
  1193 | D:2      | Reached XP level 4. HP: 19/30 MP: 3/3
  1956 | D:3      | Reached XP level 5. HP: 35/35 MP: 4/4
  1971 | D:3      | Reached skill level 5 in Stealth
  2136 | D:3      | Killed from afar by an orc priest

Action                   |  1- 3 |  4- 6 || total
-------------------------+-------+-------++-------
Melee: Unarmed           |    68 |    75 ||   143
 Stab: Sleeping          |     7 |     8 ||    15
